 Dungeon Crawl Stone Soup version 0.25-a0-886-gd7461d2276 (webtiles) character file.

Game seed: 14662904049717083329, levelgen mode: deterministic

98 EWolf27 the Digger (level 4, -2/24 HPs)
             Began as a Gargoyle Earth Elementalist on May 2, 2020.
             Killed by divine providence
             ... invoked by an orc priest
              (16 damage)
             ... on level 3 of the Dungeon.
             The game lasted 00:10:52 (2134 turns).

EWolf27 the Digger (Gargoyle Earth Elementalist)    Turns: 2134, Time: 00:10:54

Health: -2/24      AC:  8    Str: 11    XL:     4   Next: 69%
Magic:  5/9        EV: 12    Int: 17    God:
Gold:   94         SH:  0    Dex: 10    Spells: 5/9 levels left

rFire    . . .     SeeInvis .   a - +2 short sword (elec)
rCold    . . .     Gourm    .   (no shield)
rNeg     + . .     Faith    .   c - +0 robe
rPois    ∞         Spirit   .   (no helmet)
rElec    +         Reflect  .   (no cloak)
rCorr    .         Harm     .   (no gloves)
MR       .....                  j - +0 pair of boots
Stlth    ++........             (no amulet)
HPRegen  0.08/turn              h - +2 ring of protection
MPRegen  0.11/turn              (no ring)

@: no status effects
A: negative energy resistance 1, electricity resistance, unbreathing,
petrification resistance, rot immunity, AC +3
a: no special abilities


You were on level 3 of the Dungeon.
You were not hungry.

You visited 1 branch of the dungeon, and saw 3 of its levels.

You collected 94 gold pieces.

Inventory:

Hand Weapons
 a - a +2 short sword of electrocution (weapon)
 l - a +0 dagger
Missiles
 b - 6 stones (quivered)
 i - 8 boomerangs
Armour
 c - a +0 robe (worn)
 j - a +0 pair of boots (worn)
Jewellery
 h - a +2 ring of protection (left hand)
Scrolls
 e - a scroll of fear {unknown}
 f - a scroll of remove curse {unknown}
 g - 2 scrolls of enchant weapon {unknown}
 k - a scroll of immolation {unknown}
 o - 2 scrolls of identify {unknown}
Potions
 m - a potion of lignification {unknown}
 p - a potion of heal wounds {unknown}
Comestibles
 d - 3 rations
 n - a chunk of flesh


   Skills:
 + Level 1.1 Short Blades
 - Level 1.5 Dodging
 - Level 2.1 Stealth
 * Level 3.3 Spellcasting
   Level 0.7 Transmutations
 + Level 4.8 Earth Magic


You had 5 spell levels left.
You knew the following spells:

 Your Spells              Type           Power        Failure   Level  Hunger
a - Sandblast             Erth           ###...       2%          1    None
b - Stone Arrow           Conj/Erth      ##....       19%         3    ###....

Your spell library contained the following spells:

 Spells                   Type           Power        Failure   Level  Hunger
 Passwall                 Tmut/Erth      ##......     9%          2    ##.....
 Petrify                  Tmut/Erth      ##......     47%         4    ####...
 Lee's Rapid Deconstruct  Erth           ###.......   54%         5    ######.


Dungeon Overview and Level Annotations

Branches:
Dungeon (3/15)

Altars:
Makhleb


Innate Abilities, Weirdness & Mutations

You are resistant to torment.
Your stone body is resilient. (AC +3)
You are immune to poison.
You resist negative energy. (rN+)
You are resistant to electric shocks. (rElec)
You can survive without breathing.
You are immune to petrification.
You are immune to rotting.


Message History

Confirm with . or Enter, or press ? or * to list all spells.
Aiming: Sandblast (safe; 2% risk of failure)
Press: ? - help, Shift-Dir - straight line, f - orc
Aim: an orc, wielding a +0 dagger and wearing a cursed -2 scale mail (lightly wounded)
The blast of sand hits the orc.
You kill the orc!
b - 7 stones The orc priest miscasts a cantrip.
Casting: Sandblast (safe; 2% risk of failure)
Confirm with . or Enter, or press ? or * to list all spells.
Aiming: Sandblast (safe; 2% risk of failure)
Press: ? - help, Shift-Dir - straight line, f - orc priest
Aim: an orc priest, wielding a +0 hand axe The blast of sand hits the orc priest!
The orc priest is heavily wounded.
b - 6 stones The orc priest invokes the aid of Beogh against you.
Beogh smites you!
Ouch! That really hurt!
You die...

..## ##..### .....#.
..... #...# o.. #)#
#@# # ##'## .. ##...##
.######## ##.....##
.......# ##....>..##
##.###.#
#.........####...##.##
+.........'...[.......
#.........####...##.##
##.......## ##.#...##


You could see an orc priest.

Vanquished Creatures
  An orc wizard (D:3)
  An adder (D:2)
  A worm (D:2)
  A dart slug (D:2)
  5 leopard geckos
  2 orcs (D:3)
  3 ball pythons (D:1)
  5 goblins
  6 hobgoblins
  5 jackals (D:1)
  A quokka (D:2)
  8 bats
  3 frilled lizards
  A kobold (D:2)
  7 rats
50 creatures vanquished.

Notes
Turn   | Place    | Note
-------+----------+-------------------------------------------
     0 | D:1      | EWolf27 the Gargoyle Earth Elementalist began the quest for
                  | the Orb.
     0 | D:1      | Reached XP level 1. HP: 10/10 MP: 3/3
   219 | D:1      | Reached skill level 4 in Earth Magic
   219 | D:1      | Reached XP level 2. HP: 3/15 MP: 0/5
   874 | D:1      | Reached XP level 3. HP: 19/19 MP: 4/6
   927 | D:1      | Learned a level 3 spell: Stone Arrow
  1722 | D:2      | Found a burning altar of Makhleb.
  1966 | D:2      | Reached XP level 4. HP: 17/24 MP: 8/8
  2129 | D:3      | Reached skill level 1 in Short Blades
  2134 | D:3      | Killed from afar by an orc priest

Levels and vault maps discovered:
D:1:      nzn_arrival_depleted_hourglass, layout_rooms
D:2:      layout_loops_ring, lemuel_crystal_altar
D:3:      layout_loops_corners, gup_sewer_entry_bubbles, kennysheep_slug_shrine

Skill      XL: |  1  2  3  4 |
---------------+-------------+-----
Earth Magic    | 4 |  4.8
Spellcasting   | 3 |  3.3
Short Blades   | 1 |  1.1
Dodging        | |  1.5
Stealth        | |  2.1
Transmutations | |  0.7

Action                   |  1- 3 |  4- 6 || total
-------------------------+-------+-------++-------
Melee: Unarmed           |     4 |       ||     4
       Hand axe          |     3 |       ||     3
       Short sword       |    70 |     3 ||    73
 Cast: Sandblast         |    38 |     3 ||    41
 Stab: Sleeping          |     2 |       ||     2
  Eat: Chunk             |     4 |       ||     4
Armor: Robe              |    31 |       ||    31
Dodge: Dodged            |    75 |     2 ||    77

Table legend:
 A = Non-vault XP
 B = Vault XP
 C = Vault XP percentage of total XP
 D = Non-vault monster count
 E = Vault monster count
 F = Vault count percentage of total count
                 A         B        C        D         E       F
            +---------+---------+-------+---------+---------+-------
      Total |     140 |       0 |   0.0 |      50 |       0 |   0.0
            +---------+---------+-------+---------+---------+-------
        D:1 |      49 |       0 |   0.0 |      30 |       0 |   0.0
        D:2 |      45 |       0 |   0.0 |      17 |       0 |   0.0
        D:3 |      46 |       0 |   0.0 |       3 |       0 |   0.0
            +---------+---------+-------+---------+---------+-------
